 Dungeon Crawl Stone Soup version 0.31.0-11-ge490571c62 (webtiles) character file.

Game seed: 18408941363330292601

609 qw the Skirmisher (level 7, -1/40 HPs)
             Began as a Deep Elf Hunter on Feb 3, 2024.
             Splashed by a jelly's acid (10 damage)
             ... on level 5 of the Dungeon.
             The game lasted 00:00:12 (2961 turns).

qw the Skirmisher (Deep Elf Hunter)                 Turns: 2961, Time: 00:00:12

Health: -1/40      AC:  0    Str: 10    XL:     7   Next: 19%
Magic:  9/9        EV: 13    Int: 14    God:
Gold:   77         SH:  4    Dex: 24    Spells: 6/6 levels left

rFire   . . .        a - +0 shortbow (freeze)
rCold   . . .        (shield currently unavailable)
rNeg    . . .        i - +0 ring mail
rPois   .            o - +0 helmet
rElec   .            (no cloak)
rCorr   .            (no gloves)
SInv    .            h - +1 pair of boots
Will    .....        (no amulet)
Stlth   +            g - +6 ring of dexterity
HPRegen 0.26/turn    (no ring)
MPRegen 0.11/turn

%: no passive effects
@: corroded, very slow
A: large bone plates 1
a: no special abilities


You were on level 5 of the Dungeon.
You visited 1 branch of the dungeon, and saw 5 of its levels.

You collected 1331 gold pieces.
You spent 1254 gold pieces at shops.


Innate Abilities, Weirdness & Mutations

You are partially covered in large bone plates. (SH +4)


   Skills:
 - Level 2.5 Fighting
 + Level 10.1 Ranged Weapons
 - Level 1.1 Armour
 - Level 4.2 Dodging
 - Level 1.2 Stealth


You had 6 spell levels left.
You didn't know any spells.
Your spell library was empty.

Inventory:

Hand Weapons
 a - a +0 shortbow of freezing (weapon)
Armour
 h - a +1 pair of boots (worn)
 i - a +0 ring mail (worn)
 o - a +0 helmet (worn)
Jewellery
 g - a +6 ring of dexterity (left hand)
 p - a ring of see invisible
 q - a +4 ring of slaying {mikee}
 r - a +5 ring of evasion
Wands
 n - a wand of digging (6)
Scrolls
 k - a scroll of identify
 m - a scroll of amnesia {unknown}
Potions
 b - a potion of curing
 c - a potion of haste
 d - 2 potions of mutation
 e - a potion of ambrosia {unknown}
 f - a potion of heal wounds {unknown}
 j - a potion of magic {unknown}
 l - a potion of attraction {unknown}

Dungeon Overview and Level Annotations

Branches:
Dungeon (5/15)
 Temple: D:4-7

Altars:
Dithmenos

Shops:
D:1 [   D:5 =


Message History

The arrow freezes the orc wizard.
You kill the orc wizard!
Your Dodging skill increases to level 4!
You shoot an arrow. The arrow hits the orc!
The arrow freezes the orc.
You kill the orc!
You shoot an arrow.
The arrow hits the orc wizard but does no damage.
You shoot an arrow. The arrow barely misses the orc.
You shoot an arrow. The arrow barely misses the orc wizard.
The orc wizard closely misses you. The orc hits you with a +0 mace.
You shoot an arrow. The arrow hits the orc wizard.
The arrow freezes the orc wizard.
The orc wizard is heavily wounded.
The jelly misses you. The orc wizard closely misses you.
The orc closely misses you.
You shoot an arrow.
The arrow hits the orc wizard but does no damage.
The orc wizard is heavily wounded.
The jelly misses you. You block the orc wizard's attack.
The orc splashes around in the water.
You shoot an arrow.
The arrow closely misses the orc wizard.
The jelly closely misses you. The orc wizard barely misses you.
The orc hits you with a +0 mace.
You shoot an arrow. The arrow barely misses the orc wizard.
The jelly completely misses you. The orc wizard casts a spell at you.
You easily resist.
The orc barely misses you.
You shoot an arrow.
The arrow closely misses the orc wizard.
The jelly hits you but does no damage.
The orc wizard gestures at you while chanting.
You easily resist.
The orc hits you but does no damage. You block the orc wizard's attack.
The jelly hits you. The acid corrodes you!
You are splashed with acid!
You shoot an arrow. The arrow hits the orc wizard.
The arrow freezes the orc wizard.
You kill the orc wizard!
You block the orc's attack. The jelly hits you.
You are splashed with acid!
You die...

#...~.o... ...
....~~~... #.#
.....~~... #.#
......~~. #.#
......~). #.#
~....#.~# ##.#
#...~#### ####...
#.~o)..## #....##
#.wJ@#..## ###.##.##
####~##..# #...##.#.
#~###.####.####.#. ###
#.##...# ##...
#########..#.#####....
.....................8
######.......##.#.#..
#.#####......##8 ###.#
#........#


You could see a ribbon worm, a jelly and an orc.

Vanquished Creatures
  Eustachio (D:4)
  An ogre (D:4)
  An orc priest (D:4)
  A jelly (D:5)
  3 iguanas
  2 orc wizards (D:5)
  Robin (D:3)
  7 adders
  A shadow imp (D:5)
  3 dart slugs
  4 ribbon worms
  7 orcs
  7 endoplasms
  7 giant cockroaches
  18 goblins
  9 hobgoblins
  3 jackals (D:4)
  2 quokkas
  6 ball pythons
  4 bats
  A frilled lizard (D:2)
  8 kobolds
  6 rats
103 creatures vanquished.

Vanquished Creatures (others)
  An orc wizard (D:5)
1 creature vanquished.

Grand Total: 104 creatures vanquished

Notes
Turn   | Place    | Note
-------+----------+-------------------------------------------
     0 | D:1      | qw the Deep Elf Hunter began the quest for the Orb.
     0 | D:1      | Reached XP level 1. HP: 12/12 MP: 3/3
     0 | D:1      | 0 ||| qw: Version: 0.3-a-158-g18b3111
     0 | D:1      | 0 ||| qw: Game counter: 4219
     0 | D:1      | 0 ||| qw: Melee chars always use a shield: true
     0 | D:1      | 0 ||| qw: God list: Okawaru
     0 | D:1      | 0 ||| qw: Allow faded altars: false
     0 | D:1      | 0 ||| qw: Do Orc after clearing Dungeon:15 true
     0 | D:1      | 0 ||| qw: Do second Lair branch before Depths: true
     0 | D:1      | 0 ||| qw: Lair rune preference: random
     0 | D:1      | 0 ||| qw: Goals: Normal
     0 | D:1      | 0 ||| PLANNING D:1-11
    40 | D:1      | Reached skill level 6 in Ranged Weapons
    40 | D:1      | Reached XP level 2. HP: 10/16 MP: 4/4
   399 | D:1      | Found Okops's Antique Armour Shop.
   408 | D:1      | 408 ||| SHOPLISTING helmet (103 gold, have 73).
   408 | D:1      | 408 ||| SHOPLISTING pair of runed boots (172 gold, have
                  | 73).
   408 | D:1      | 408 ||| SHOPLISTING ring mail (92 gold, have 73).
   408 | D:1      | 408 ||| SHOPLISTING runed leather armour (115 gold, have
                  | 73).
   475 | D:1      | 475 ||| UPGRADING to +0 scale mail.
   485 | D:1      | 485 ||| DROPPING +0 leather armour.
   486 | D:1      | 486 ||| UPGRADING to +1 pair of boots.
   491 | D:1      | 491 ||| UPGRADING to +6 ring of dexterity.
   492 | D:1      | 492 ||| READING scroll labelled PIDIXA WYOLYO.
   593 | D:1      | 593 ||| READING scroll labelled BAKKETZ LOIGG.
   593 | D:1      | 593 ||| BRANDING +0 shortbow.
   594 | D:1      | 594 ||| DROPPING scroll of butterflies.
   617 | D:2      | 617 ||| STAIRDANCE
   707 | D:2      | Reached XP level 3. HP: 20/20 MP: 5/5
   915 | D:2      | Reached skill level 7 in Ranged Weapons
  1088 | D:2      | 1088 ||| UPGRADING to +0 ring mail.
  1098 | D:2      | 1098 ||| DROPPING +0 scale mail.
  1099 | D:2      | 1099 ||| READING scroll labelled LIUSUD TIXOO.
  1200 | D:2      | 1200 ||| READING scroll labelled AXKENIM ECEY.
  1399 | D:3      | 1399 ||| STAIRDANCE
  1424 | D:3      | Reached XP level 4. HP: 25/25 MP: 6/6
  1632 | D:3      | Noticed Robin
  1653 | D:3      | Killed Robin
  1654 | D:3      | Reached skill level 8 in Ranged Weapons
  2055 | D:3      | 2055 ||| UPGRADING to +0 helmet.
  2060 | D:3      | 2060 ||| READING scroll labelled XUDOT JOLIDE.
  2060 | D:3      | 2060 ||| IDENTIFYING red potion
  2061 | D:3      | 2061 ||| READING scroll labelled HIJICO MOIVVINT.
  2061 | D:3      | Identified a scroll of acquirement
  2061 | D:3      | 2061 ||| ACQUIRING 1049 gold pieces
  2061 | D:3      | Acquired 1049 gold pieces
  2063 | D:3      | 2063 ||| DRINKING 2 silvery potions.
  2063 | D:3      | Gained mutation: You are partially covered in large bone
                  | plates. (SH +4) [potion of mutation]
  2064 | D:3      | 2064 ||| DRINKING 2 bubbling silvery potions.
  2065 | D:3      | 2065 ||| DROPPING potion of degeneration.
  2182 | D:4      | Reached XP level 5. HP: 29/29 MP: 7/7
  2186 | D:4      | Noticed Eustachio
  2195 | D:4      | 2195 ||| RETREEEEATING.
  2198 | D:4      | 2198 ||| RETREEEEATING.
  2204 | D:4      | Killed Eustachio
  2205 | D:4      | Reached skill level 9 in Ranged Weapons
  2205 | D:4      | Reached XP level 6. HP: 19/34 MP: 8/8
  2214 | D:4      | Reached skill level 3 in Dodging
  2577 | D:4      | Reached skill level 1 in Armour
  2656 | D:4      | 2656 ||| READING scroll of identify.
  2656 | D:4      | 2656 ||| IDENTIFYING lumpy emerald potion
  2657 | D:4      | 2657 ||| READING scroll labelled PAMUEKHLIUL.
  2706 | D:5      | Entered Level 5 of the Dungeon
  2802 | D:5      | Reached skill level 10 in Ranged Weapons
  2802 | D:5      | Reached XP level 7. HP: 40/40 MP: 9/9
  2823 | D:5      | Found a shadowy altar of Dithmenos.
  2880 | D:5      | Found Kuamuc's Jewellery Shop.
  2890 | D:5      | 2890 ||| BUYING +4 ring of slaying (858 gold).
  2890 | D:5      | Bought a +4 ring of slaying for 858 gold pieces
  2890 | D:5      | 2890 ||| BUYING +5 ring of evasion (396 gold).
  2890 | D:5      | Bought a +5 ring of evasion for 396 gold pieces
  2890 | D:5      | 2890 ||| SHOPLISTING amulet of faith (440 gold, have 77).
  2943 | D:5      | 2943 ||| RETREEEEATING.
  2961 | D:5      | HP: 9/40 [jelly (3)]
  2961 | D:5      | Splashed by a jelly's acid

Levels and vault maps discovered:
D:1:      dpeg_arrival_shrine, layout_basic, serial_shops,
          nicolae_shop_overgrown_old_shop, hangedman_decor_clover_reticule,
          minmay_tall_x
D:2:      minmay_skewed_foursquare, layout_rooms
D:3:      layout_loops_ring, uniq_robin
D:4:      layout_basic, uniq_eustachio
D:5:      layout_rooms, nicolae_dithmenos_shadow_blocks, serial_shops,
          nicolae_shop_tiny_statue_garden, serial_rivers,
          chequers_serial_rivers_micro_d, chequers_serial_rivers_micro_d,
          chequers_serial_rivers_small_3, chequers_serial_rivers_micro_d,
          chequers_serial_rivers_micro_a, chequers_serial_rivers_small_a

Skill      XL: |  1  2  3  4  5  6  7 |
---------------+----------------------+-----
Ranged Weapons | 6 7 8 9 10 | 10.1
Dodging        | 3 4 |  4.2
Fighting       | 2 |  2.5
Armour         | 1 |  1.1
Stealth        | |  1.2

Action                     |  1- 3 |  4- 6 |  7- 9 || total
---------------------------+-------+-------+-------++-------
   Fire: Shortbow          |    90 |   150 |    21 ||   261
    Use: Scroll            |     4 |     4 |       ||     8
         Potion            |       |     2 |       ||     2
 Armour: Leather armour    |     6 |       |       ||     6
         Scale mail        |    15 |       |       ||    15
         Ring mail         |     5 |    49 |    12 ||    66
  Dodge: Dodged            |    18 |    37 |    12 ||    67
  Block: Other             |       |     1 |     4 ||     5

Table legend:
 A = Non-vault XP
 B = Vault XP
 C = Vault XP percentage of total XP
 D = Non-vault monster count
 E = Vault monster count
 F = Vault count percentage of total count
                 A         B        C        D         E       F
            +---------+---------+-------+---------+---------+-------
      Total |     632 |     272 |  30.1 |      82 |      22 |  21.2
            +---------+---------+-------+---------+---------+-------
        D:1 |      26 |       7 |  21.2 |      16 |       4 |  20.0
        D:2 |      36 |      10 |  21.7 |      12 |       4 |  25.0
        D:3 |      53 |      38 |  41.8 |      17 |      13 |  43.3
        D:4 |     317 |     217 |  40.6 |      27 |       1 |   3.6
        D:5 |     200 |       0 |   0.0 |      10 |       0 |   0.0
            +---------+---------+-------+---------+---------+-------
